 Dungeon Crawl Stone Soup version 0.27.0-1-g7a089689b8 (webtiles) character file.

Game seed: 5464573655330228623

7184 Smaepdii the Cleaver (level 10, -5/92 HPs)
             Began as a Minotaur Berserker on Aug 13, 2021.
             Was an Elder of Trog.
             Killed by divine providence
             ... invoked by an orc priest
             ... summoned by an orange crystal statue
              (9 damage)
             ... on level 8 of the Dungeon.
             The game lasted 00:28:04 (8858 turns).

Smaepdii the Cleaver (Minotaur Berserker)           Turns: 8858, Time: 00:28:05

Health: -5/92      AC: 27    Str: 21      XL:     10   Next: 86%
Magic:  9/9        EV: 10    Int:  1 (4)  God:    Trog [****..]
Gold:   1125       SH:  0    Dex: 14      Spells: 9/9 levels left

rFire    + . .     SeeInvis .   a - +0 war axe
rCold    + . .     Faith    .   (no shield)
rNeg     . . .     Spirit   .   o - +4 plate armour
rPois    .         Reflect  .   r - +2 hat
rElec    .         Harm     .   y - +1 cloak
rCorr    .         Rampage  .   k - +0 pair of gloves
Will     +....                  l - +2 pair of boots
Stlth    ..........             m - amulet "Luoduib" {Acrobat Will+}
HPRegen  0.25/turn              u - ring of protection from cold
MPRegen  0.11/turn              x - ring of protection from fire

@: confused, lethally poisoned (-5 -> -6), studying Axes
A: horns 2, retaliatory headbutt
a: Renounce Religion, Berserk, Trog's Hand, Brothers in Arms


You were on level 8 of the Dungeon.
You worshipped Trog.
Trog was greatly pleased with you.
You visited 2 branches of the dungeon, and saw 9 of its levels.

You collected 1125 gold pieces.

Inventory:

Hand Weapons
 a - a +0 war axe (weapon)
 A - a +0 long sword of flaming
Missiles
 g - 6 atropa-tipped darts
 j - 26 poisoned darts (quivered)
 n - 15 boomerangs
 C - 4 throwing nets
Armour
 k - a +0 pair of gloves (worn)
 l - a +2 pair of boots (worn)
 o - a +4 plate armour (worn)
 r - a +2 hat (worn)
 y - a +1 cloak (worn)
Jewellery
 m - the amulet "Luoduib" (around neck) {Acrobat Will+}
   (You acquired it on level 7 of the Dungeon)

   [amulet of the acrobat]

   It increases your evasion while moving and waiting.
   Will:      It increases your willpower.
 p - a +6 ring of intelligence
 u - a ring of protection from cold (left hand)
 x - a ring of protection from fire (right hand)
Wands
 b - a wand of iceblast (9)
 B - a wand of paralysis (15)
 D - a wand of digging (11)
Scrolls
 v - 3 scrolls of blinking
Potions
 c - a potion of cancellation
 d - 2 potions of haste
 e - 2 potions of attraction
 f - a potion of invisibility {unknown}
 h - a potion of berserk rage
 i - 4 potions of magic
 q - a potion of flight
 s - a potion of ambrosia
 t - a potion of resistance
 w - a potion of brilliance
 z - a potion of curing
 F - 2 potions of mutation {unknown}


   Skills:
 + Level 9.7 Fighting
 - Level 14.0 Axes
 + Level 9.6 Armour
 + Level 8.6 Dodging


You had 9 spell levels left.
You didn't know any spells.
Your spell library was empty.

Dungeon Overview and Level Annotations

Branches:
Dungeon (8/15)             Temple (1/1) D:5            Lair (0/6) D:8

Altars:
Ashenzari
Cheibriados
Dithmenos
Elyvilon
Gozag
Kikubaaqudgha
Makhleb
Nemelex Xobeh
Okawaru
Qazlal
Ru
Sif Muna
Trog
Uskayaw
Vehumet
Wu Jian
Xom
Yredelemnul
Zin

Annotations:
D:8 exclusion: orange crystal statue


Innate Abilities, Weirdness & Mutations

You have a pair of horns on your head.
You reflexively headbutt those who attack you in melee.


Message History

The two-headed ogre hits you but does no damage.
You feel sick.
The orc priest calls down the wrath of Beogh upon you.
You easily resist.
The orange crystal statue glitters.
You easily resist.
You feel sick.
The orc priest begins to cast a cantrip, but forgets the words!
The orange crystal statue fixes its piercing gaze on you.
You feel your power leaking away.
You feel sick.
The orc priest looks encouraged for a moment.
The orange crystal statue glitters.
There is an escape hatch in the floor here.
You slash the orange crystal statue!
The orange crystal statue is moderately damaged.
You hit the two-headed ogre. You closely miss the steam dragon.
You feel sick.
The kobold brigand dissolves into shadows!
The steam dragon dissolves into shadows!
The two-headed ogre closely misses you. You furiously retaliate!
You headbutt the two-headed ogre.
The two-headed ogre hits you but does no damage.
The orange crystal statue glitters.
You are confused.
You nearly stumble into some lava!
You feel sick. The two-headed ogre closely misses you.
The two-headed ogre hits you but does no damage.
You nearly stumble into some lava!
You feel sick.
The orc priest looks encouraged for a moment.
The two-headed ogre hits you but does no damage.
The two-headed ogre hits you with a +0 giant spiked club!
* * * LOW HITPOINT WARNING * * *
The kobold hits you but does no damage.
It was a potion of magic.
Magic courses through your body.
You feel sick.
The orc priest calls down the wrath of Beogh upon you.
Beogh smites you!
* * * LOW HITPOINT WARNING * * *
The orc priest mumbles some strange prayers to Beogh against you.
Beogh smites you!
You die...

############# ###...........##
####..............##
#......K...........#
######.......K.K........######
.....'.........≈........'..)>#
######.......K§§≈≈......####.#
##.....K§§§§≈o.....# #.#
#.....§≈≈8@O≈.....# #.#
#.....≈§K≈K≈o....## #.# #
##.....≈≈..§≈≈....# #.# #
#.......≈≈.≈≈.....# #.#
######.......≈≈≈≈......# #)#
.......#).)...K........# #.#
....####...............# #.#
....#####..............# #.#
.......#
##........##.######.####


You could see an orange crystal statue, a two-headed ogre (summoned), a kobold
brigand (summoned), 2 orc priests and 5 kobolds.

Vanquished Creatures
  Gastronok (D:8)
  Harold (D:7)
  Joseph (D:7)
  Maggie (D:8)
  Psyche (D:8)
  A blink frog (shapeshifter) (D:8)
  A steam dragon (D:8)
  2 wargs (D:8)
  2 necrophages
  2 ice beasts
  3 orc warriors
  A sky beast (D:5)
  2 ogres
  2 centaurs
  2 phantoms (D:6)
  A kobold brigand (D:8)
  2 bullfrogs
  3 scorpions
  5 wights (D:6)
  14 killer bees
  A howler monkey (D:5)
  3 lava snakes (D:8)
  A centaur skeleton (D:7)
  2 centaur zombies
  3 hounds
  6 orc priests
  Jessica (D:2)
  A bullfrog skeleton (D:6)
  6 iguanas
  Natasha (D:4)
  12 orc wizards
  2 howler monkey zombies (D:8)
  Robin (D:2)
  A howler monkey skeleton (D:6)
  4 gnolls (D:7)
  3 adders
  A shadow imp (D:7)
  2 white imps
  2 worms
  A dart slug (D:4)
  12 orcs
  3 ball pythons
  5 bats
  6 endoplasms
  4 giant cockroaches
  11 goblins
  A hobgoblin (D:1)
  3 jackals (D:3)
  2 quokkas (D:4)
  3 frilled lizards
  3 kobolds
  2 rats
157 creatures vanquished.

Vanquished Creatures (others)
  8 fungi (D:8)
8 creatures vanquished.

Grand Total: 165 creatures vanquished

Notes
Turn   | Place    | Note
-------+----------+-------------------------------------------
     0 | D:1      | Smaepdii the Minotaur Berserker began the quest for the
                  | Orb.
     0 | D:1      | Reached XP level 1. HP: 19/19 MP: 0/0
   442 | D:1      | Reached XP level 2. HP: 27/27 MP: 1/1
   770 | D:2      | Found a faded altar of an unknown god.
   799 | D:2      | Noticed Jessica
   806 | D:2      | Killed Jessica
   807 | D:2      | Reached skill level 4 in Axes
   807 | D:2      | Reached XP level 3. HP: 33/33 MP: 2/2
  1243 | D:2      | Noticed Robin
  1251 | D:2      | Reached ** piety under Trog
  1254 | D:2      | Killed Robin
  1255 | D:2      | Reached XP level 4. HP: 28/40 MP: 3/3
  1998 | D:3      | Noticed an orc warrior
  2004 | D:3      | Reached skill level 5 in Axes
  2009 | D:3      | Killed an orc warrior
  2010 | D:3      | Reached XP level 5. HP: 28/47 MP: 4/4
  2156 | D:3      | Noticed an ogre
  2170 | D:3      | Killed an ogre
  2171 | D:3      | Reached XP level 6. HP: 49/55 MP: 5/5
  2192 | D:3      | Reached skill level 6 in Axes
  2493 | D:3      | Reached skill level 5 in Fighting
  3083 | D:4      | Reached XP level 7. HP: 44/61 MP: 6/6
  3365 | D:4      | Reached skill level 7 in Axes
  3710 | D:4      | Noticed Natasha
  3716 | D:4      | Killed Natasha
  3857 | D:4      | Reached skill level 5 in Armour
  4074 | D:5      | Entered Level 5 of the Dungeon
  4095 | D:5      | Found a shimmering blue altar of Sif Muna.
  4534 | D:5      | Found a bloodstained altar of Trog.
  4676 | D:5      | Reached XP level 8. HP: 64/70 MP: 7/7
  4683 | D:5      | Reached skill level 5 in Dodging
  4788 | D:5      | Reached skill level 8 in Axes
  5001 | D:5      | Found a staircase to the Ecumenical Temple.
  5136 | Temple   | Entered the Ecumenical Temple
  5646 | D:6      | Reached skill level 9 in Axes
  5703 | D:6      | Reached *** piety under Trog
  6273 | D:6      | Found a broken altar of Ashenzari.
  6432 | D:6      | Reached XP level 9. HP: 79/79 MP: 8/8
  6595 | D:7      | Noticed Harold
  6608 | D:7      | Noticed Joseph
  6610 | D:7      | Killed Harold
  6611 | D:7      | Reached skill level 10 in Axes
  6623 | D:7      | Killed Joseph
  6710 | D:7      | Identified 3 scrolls of acquirement
  6710 | D:7      | Acquired 695 gold pieces
  6711 | D:7      | Acquired a manual of Axes
  6713 | D:7      | Acquired the amulet "Luoduib" {Acrobat Will+}
  6759 | D:7      | Found a shimmering altar of Xom.
  6759 | D:7      | Found an opulent altar of Gozag.
  6849 | D:7      | Reached skill level 11 in Axes
  7718 | D:8      | Noticed Maggie
  7730 | D:8      | Killed Maggie
  7731 | D:8      | Reached skill level 12 in Axes
  7731 | D:8      | Reached XP level 10. HP: 90/90 MP: 9/9
  7905 | D:8      | Found a staircase to the Lair.
  7910 | D:8      | Reached **** piety under Trog
  7994 | D:8      | Noticed Psyche
  8007 | D:8      | Killed Psyche
  8048 | D:8      | Reached skill level 13 in Axes
  8168 | D:8      | Found a hide-covered altar of Uskayaw.
  8278 | D:8      | Noticed an orange crystal statue
  8510 | D:8      | Noticed Gastronok
  8528 | D:8      | Killed Gastronok
  8529 | D:8      | Reached skill level 14 in Axes
  8829 | D:8      | Noticed a two-headed ogre
  8858 | D:8      | HP: 4/92 [orc priest/divine providence[an orange crystal
                  | statue] (9)]
  8858 | D:8      | Killed from afar by an orc priest

Illustrated notes

Levels and vault maps discovered:
D:1:      evilmike_arrival_crescent, layout_basic
D:2:      layout_loops_corners, ebering_ecumenical_altar_mist, uniq_robin,
          uniq_jessica
D:3:      layout_loops_ring
D:4:      layout_loops_ring, roderic_roman_lattice, uniq_natasha
D:5:      layout_basic, bloody_trog, lemuel_round_altar,
          minmay_temple_entry_junction
D:6:      layout_gridville, mainiacjoe_overflow_six_doors_small,
          minmay_misc_feat_rows
D:7:      layout_gridville, gammafunk_temple_overflow_wave, uniq_joseph,
          uniq_harold
D:8:      layout_basic, mainiacjoe_overflow_chevrons, erik_lair_orcish_takeover,
          st_stairs_12, disabler_island, uniq_gastronok, uniq_maggie,
          uniq_psyche
Temple:   dshaligram_water_room_temple

Skill      XL: |  1  2  3  4  5  6  7  8  9 10 |
---------------+-------------------------------+-----
Fighting       | 4 5 6 7 8 9 |  9.7
Axes           | 4 5 6 7 9 12 14 | 14.0
Armour         | 3 4 5 6 8 9 |  9.6
Dodging        | 3 4 6 7 8 |  8.6

Action                   |  1- 3 |  4- 6 |  7- 9 | 10-12 || total
-------------------------+-------+-------+-------+-------++-------
Melee: Hand axe          |    34 |   107 |   264 |       ||   405
       Headbutt          |     5 |    28 |    71 |    21 ||   125
       War axe           |       |       |     7 |    99 ||   106
Throw: Dart              |       |    12 |    11 |     6 ||    29
       Boomerang         |       |       |    26 |       ||    26
Invok: Berserk           |     1 |     4 |    11 |     3 ||    19
       Trog's Hand       |       |     1 |     3 |       ||     4
Evoke: Wand              |       |       |       |     5 ||     5
  Use: Scroll            |       |       |    17 |     1 ||    18
       Potion            |       |       |       |     4 ||     4
 Stab: Invisible         |       |     1 |       |     4 ||     5
Armor: Animal skin       |     3 |       |       |       ||     3
       Ring mail         |    10 |     9 |       |       ||    19
       Plate armour      |       |    59 |   147 |    74 ||   280
Dodge: Dodged            |    16 |    36 |   106 |    78 ||   236
